Cogmind - Beta 11 @@@ ROGUE MODE // 2022.03.19 @ 22:15:46 Player: Rentaro Result: Destroyed by G-34 Mercenary with Small Laser Performance ------------- Evolutions (0) 0 Regions Visited (1) 200 Robots Destroyed (35) 175 Value Destroyed (438) 438 Prototype IDs (0) 0 Alien Tech Used (0) 0 Bonus (0) 0 TOTAL SCORE: 813 Bonus ------- None Cogmind --------- Core Integrity 0/250 Matter 295/300 Energy 100/100 System Corruption 0% Temperature Cool (8) Movement Core (350) Ox6 Location -10/Materials Parts ------- > --- POWER (1) -------- (None) > --- PROPULSION (2) --- (None) > --- UTILITY (2) ------ Large Storage Unit > --- WEAPON (2) ------- Small Laser > --- INVENTORY (15) --- Flight Unit Flight Unit Structural Scanner Sensor Array Seismic Detector ECM Suite Peak State ------------ > --- POWER ------------ Light Ion Engine > --- PROPULSION ------- Light Treads Light Treads > --- UTILITY ---------- Small Storage Unit > --- WEAPON ----------- Medium Laser Light Assault Rifle > --- INVENTORY -------- Light Ion Engine Flight Unit Flight Unit Seismic Detector ECM Suite Small Laser Mining Laser [Rating: 6] Favorites ----------- Power Light Ion Engine Engine Light Ion Engine Propulsion Light Treads Treads Light Treads Utility Small Storage Unit Storage Small Storage Unit Weapon Light Assault Rifle Energy Gun Medium Laser Ballistic Gun Light Assault Rifle Special Weapon Mining Laser Build | -11 -10 ------- Run | Scr Mat Slots Evolved . | . . Power . | . . Propulsion . | . . Utility . | . . Weapon . | . . Parts Attached 10 | 5 5 Power 2 | . 2 Engine 2 | . 2 Core . | . . Reactor . | . . Propulsion 2 | 2 . Treads 2 | 2 . Leg . | . . Wheel . | . . Hover . | . . Flight . | . . Utility 2 | 1 1 Device . | . . Storage 2 | 1 1 Processor . | . . Hackware . | . . Protection . | . . Artifact . | . . Weapon 4 | 2 2 Energy Gun 2 | 1 1 Energy Cannon . | . . Ballistic Gun 1 | 1 . Ballistic Cannon . | . . Launcher . | . . Special Weapon 1 | . 1 Impact Weapon . | . . Slashing Weapon . | . . Piercing Weapon . | . . Special Melee Weapon . | . . Unidentified Prototypes . | . . Parts Lost 5 | . 5 Power 2 | . 2 Propulsion 2 | . 2 Utility . | . . Weapon 1 | . 1 Highest Loss Streak 3 | . 3 To Critical Strikes . | . . Average Slot Usage (%) 75 | . 75 Engine 8 | . 8 Treads 26 | . 26 Storage 14 | . 14 Energy Gun 14 | . 14 Ballistic Gun 11 | . 11 Naked Turns . | . . Heaviest Build 21 | 8 21 Greatest Support 40 | 40 40 Greatest Overweight (x) 1 | . 1 Average Overweight (x) . | . . Largest Inventory Capacity 15 | 8 15 Average Capacity 8 | 7 8 Most Carried 8 | 5 8 Average Carried 6 | 3 7 Final Capacity 15 | 8 15 Final Carried 6 | 5 6 Class Distribution -------------------- 100% | Mutant Dominant Class ---------------- Mutant | -10/Materials Resources | -11 -10 ----------- Run | Scr Mat Matter Collected 400 | 287 113 Remotely . | . . Salvage Created 869 | 202 667 Parts 68 | 23 45 Haulers Intercepted 1 | . 1 Recyclers Shooed 2 | 2 . Parts Field Recycled . | . . Retrieved Matter . | . . Parts Self-Destructed . | . . Prevented . | . . Kills | -11 -10 ------- Run | Scr Mat Combat Hostiles Destroyed 13 | . 13 Guns 12 | . 12 Cannons 1 | . 1 Classes Destroyed 9 | 2 7 Worker 5 | . 5 Builder 2 | . 2 Tunneler 9 | 8 1 Hauler 1 | . 1 Recycler 2 | 1 1 Operator 1 | . 1 Watcher 2 | . 2 Swarmer 6 | . 6 Grunt 7 | . 7 Best Kill Streak 4 | 2 4 Combat Bots Only 3 | . 3 Max Kills in Single Turn 1 | 1 1 Gunslinging . | . . Exploded . | . . Melee . | . . Uniques/NPCs Destroyed . | . . Combat | -11 -10 -------- Run | Scr Mat Damage Taken 906 | . 906 Core 259 | . 259 Absorbed by Shields . | . . Core Remaining (%) 100 | 100 . Volleys Fired 142 | 37 105 Largest 2 | 2 2 Hottest 140 | 70 140 Shots Fired 248 | 58 190 Gun 244 | 58 186 Cannon . | . . Launcher . | . . Special 4 | . 4 Kinetic 123 | 37 86 Thermal 125 | 21 104 Explosive . | . . Electromagnetic . | . . Robot Hit Streak 12 | 9 12 Robot Miss Streak 5 | 4 5 Penetration Max . | . . Secondary Targets 1 | . 1 Max Gunslinging Chain 1 | . 1 Shots Hit Robots 152 | 39 113 Core Hits 57 | 13 44 Critical Kills 1 | . 1 Critical Parts Destroyed . | . . Critical Strikes 6 | . 6 Burn 5 | . 5 Destroy 1 | . 1 Melee Attacks . | . . Impact . | . . Slashing . | . . Piercing . | . . Sneak Attacks . | . . Combat Hostiles . | . . Follow-up Attacks . | . . Damage Inflicted 1671 | 384 1287 Guns 1599 | 384 1215 Cannons . | . . Explosions . | . . Melee . | . . Ramming . | . . Kinetic 521 | 182 339 Thermal 1150 | 202 948 Explosive . | . . Electromagnetic . | . . Impact . | . . Slashing . | . . Piercing . | . . Highest Corruption . | . . Average Corruption . | . . Corruption Purged . | . . Corruption Blocked . | . . Overload Shots . | . . Overflow Damage . | . . Projectiles . | . . Explosions . | . . Melee . | . . Knockbacks . | . . Impact . | . . Kinetic . | . . Secondary . | . . Self-Inflicted Damage . | . . Shots . | . . Rammed . | . . Targets Rammed . | . . Kicked . | . . Crushed . | . . Highest Temperature 272 | 40 272 Average Temperature 58 | 17 64 Received Heat Transfer 396 | . 396 Siege Activations . | . . Robots Corrupted . | . . Combat Hostiles . | . . Parts Fried . | . . Impact Corruptions . | . . Robots Melted . | . . Combat Hostiles . | . . Parts Melted 7 | 2 5 Heat Transferred 3584 | 592 2992 Parts Sabotaged . | . . Parts Stolen . | . . Parts Stripped . | . . Power Chain Reactions . | . . Missiles Intercepted . | . . Alert | -11 -10 ------- Run | Scr Mat Peak Influence 243 | 45 243 Initial 29 | . 29 Average 90 | 20 117 Maximum Alert Level 1 | . 1 Low Security (%) 88 | 100 84 Level 1 11 | . 15 Level 2 . | . . Level 3 . | . . Level 4 . | . . Level 5 . | . . High Security . | . . Max Security . | . . Squads Dispatched 3 | . 3 Investigation . | . . Extermination . | . . Reinforcement 3 | . 3 Assault . | . . Garrison . | . . Intercept . | . . Searches Triggered . | . . Construction Impeded . | . . Haulers Reinforced . | . . Active Scanning Responses . | . . Cargo Convoy Interrupts . | . . Stealth | -11 -10 --------- Run | Scr Mat Distress Signals 4 | . 4 Communications Jammed . | . . Distress Signals . | . . Times Spotted 35 | . 35 Peak Tracking Total 5 | . 5 Tactical Retreats 1 | . 1 Traps | -11 -10 ------- Run | Scr Mat Traps Triggered . | . . Indirectly . | . . Trap Hack Attempts . | . . Triggered . | . . Disarmed . | . . Reprogrammed . | . . Reused . | . . Traps Extracted . | . . Installed . | . . Triggered . | . . Machines | -11 -10 ---------- Run | Scr Mat Machines Disabled . | . . Max in Single Turn . | . . Machines Sabotaged . | . . Garrisons Compromised . | . . Overloaded Fab Kills . | . . Hacking | -11 -10 --------- Run | Scr Mat Machines Accessed 2 | . 2 Terminals 1 | . 1 Fabricators . | . . Repair Stations . | . . Recycling Units 1 | . 1 Scanalyzers . | . . Garrison Access . | . . Total Hacks 3 | . 3 Successful . | . . Failed 3 | . 3 Catastrophic . | . . Database Lockouts . | . . Manual . | . . Terminals 2 | . 2 Fabricators . | . . Repair Stations . | . . Recycling Units 1 | . 1 Scanalyzers . | . . Garrison Access . | . . Terminal Hacks . | . . Fabricator Hacks . | . . Repair Station Hacks . | . . Recycling Unit Hacks . | . . Scanalyzer . | . . Garrison Access Hacks . | . . Unauthorized Hacks . | . . Terminals . | . . Fabricators . | . . Repair Stations . | . . Recycling Units . | . . Scanalyzers . | . . Garrison Access . | . . Data Cores Recovered . | . . Used . | . . Hacking Detections 2 | . 2 Full Trace Events 1 | . 1 Feedback Events . | . . Feedback Blocked . | . . Robot Schematics Acquired . | . . Robots Built . | . . Authchips . | . . Time . | . . Total Robot Build Rating . | . . Part Schematics Acquired . | . . Parts Built . | . . Authchips . | . . Time . | . . Total Part Build Rating . | . . Parts Repaired . | . . Time . | . . Parts Recycled . | . . Recycled Matter . | . . Retrieved Matter . | . . Retrieved Components . | . . Parts Scanalyzed . | . . Part Schematics Acquired . | . . Parts Damaged . | . . Bothacking | -11 -10 ------------ Run | Scr Mat Used RIF Installer . | . . Robots Hacked . | . . Non-combat . | . . Combat . | . . Robot Hacks Applied . | . . Relay Couplers Released . | . . Fabnet Peak Effective % . | . . Robots Rewired . | . . Allies Hacked . | . . Hacks Repelled . | . . Allies | -11 -10 -------- Run | Scr Mat Total Allies . | . . Largest Group . | . . Highest-Rated Group . | . . Highest-Rated Ally . | . . Total Orders . | . . Ally Attacks . | . . Total Damage . | . . Kills . | . . Allies Corrupted . | . . Allies Melted . | . . Intel | -11 -10 ------- Run | Scr Mat Robot Analysis Total . | . . Derelict Logs Recovered . | . . Drone Launches . | . . Drone Recoveries . | . . Exploration | -11 -10 ------------- Run | Scr Mat Turns Passed 1249 | 346 903 Spaces Moved 519 | 160 359 Core 10 | 10 . Treads 509 | 150 359 Legs . | . . Wheels . | . . Hover . | . . Flight . | . . Fastest Speed 50 | 50 160 Average Speed 160 | 153 163 Slowest Speed 240 | 160 240 Overloaded Moves . | . . Propulsion Burnouts . | . . Robots Hopped . | . . Cave-ins Triggered . | . . Exploration Rate (%) 32 | 6 59 Regions Visited 1 Branch Regions . Pre-discovered Areas . | . . Known Exits Taken . | . . Unknown Exits Taken 1 | 1 . Scrap Searched . | . . Spaces Dug . | . . Terrain Destroyed 1 | . 1 Melee . | . . Projectile 1 | . 1 AOE . | . . Terrain Rammed . | . . Walls Destroyed . | . . Machines Disabled . | . . Actions | -11 -10 --------- Run | Scr Mat Total 705 | 211 494 Wait 16 | . 16 Move 518 | 159 359 Hop . | . . Pick Up 16 | 10 6 Fast Attach . | . . Attach 9 | 5 4 Detach . | . . Swap 1 | . 1 Drop 3 | . 3 Fire 142 | 37 105 Melee . | . . Ram . | . . Kick . | . . Crush . | . . Escape Stasis . | . . Rewire . | . . Trap . | . . Miscellaneous . | . . Route ------- -11/Scrapyard -10/Materials (discovered 2 exits: [*Mat] / [*Min]) History --------- Turn | Location | Event 3 | -11/Scrapyard | Discovered new exit (range 15) 347 | -11/Scrapyard | Entered Materials 348 | -10/Materials | Build established: Mutant 470 | -10/Materials | Discovered new exit (range 15) 1016 | -10/Materials | Discovered new exit (range 16) 1129 | -10/Materials | Core integrity fell below 50% 1175 | -10/Materials | Lost 3 parts (1p1n1w) 1239 | -10/Materials | Core integrity fell below 20% 1250 | -10/Materials | Destroyed by G-34 Mercenary with Small Laser Last Messages --------------- 01077_ Acquired 10 matter. 01078_ Dropped Med. Laser. 01078_ Dropped Lgt. Assault Rifle. 01124_ K-01 Serf collects debris. 01130_ K-01 Serf cleans the Matter Filter. 01133_ G-34 Mercenary destroyed. 01134_ K-01 Serf collects debris. 01140_ Mining Laser destroyed. 01142_ U-05 Engineer builds a Wall. 01142_ Lgt. Ion Engine destroyed. 01144_ Lgt. Treads destroyed. 01145_ K-01 Serf collects debris. 01145_ G-34 Mercenary destroyed. 01148_ K-01 Serf collects debris. 01153_ G-34 Mercenary destroyed. 01154_ K-01 Serf collects debris. 01195_ Acquired Lrg. Storage Unit. 01197_ Dropped Sml. Storage Unit. 01211_ K-01 Serf cleans the Matter Filter. 01248_ Lgt. Treads destroyed. Map ----- +----------------------------------------------------+ | ???????????????????????????????? | | ???????????????????????????????? | | ???????????????????????????????? | | ???????????????????????????????? | | ???????????????????????????????? | | ???????????????????????????????? | | ???????????????????????????????? | | ???????????????????????????????? | | ???????????????????????????????? | | ???????????????????????????????? | | ???????????????????????????????? | | ????????????????????????????? ?? | | ##########??????????????????? #? | | ??? ?????????????? #? | | ?? ???????????? #? | | """ = ???????????? #? | | """ #??????????? #? | | " """ #?????????? #? | | " """ #?????????? #? | | " #?????????? #? | | ########### #? | | k #? | | = #? | | =%! #? | | ### """"" kg #? | | #?# """"" g @ #? | | #?# """"" ###### #? | | #?# """"" #??????? #? | | #?# """"" #?????????? | | #?# """"" #?????????? | | #?# """"" ##????????? | | #?# =%= #????????? | | #?# [![ #????????? | | #?# % #????????? | | #?# # #????????? | | #?# #! !#????????? | | #?# !!| #! !#????????? | | ??#!| !|| ##!!!!##????????? | | ??#!| !|| #######?????????? | | ??# ##########??????? | | ### % **#??????? | | %= **#??????? | | * !!#??????? | | ##############+## !!#??????? | | ????????# %* # [[#??????? | | ????????# !% # [[#??????? | | ????????# = # #####??????? | | ????????# """ # #??????????? | | ????????# """ # #??????????? | | ????????# """ # #??????????? | +----------------------------------------------------+ Best States ------------- Heat Dissipation 25 Energy Generation 10 Energy Capacity 125 Matter Stores 300 Matter Capacity 300 Sight Range 16 Terrain Scan Density 10 Evasion (%) 50 Recoil Reduction 2 Item Schematics ----------------- None Robot Schematics ------------------ None Fabricated ------------ Nothing Alien Tech Used ----------------- None Achievements -------------- None Challenges ------------ None Game ------ Seed BlastDimensionalCharge Manual? 0 Play Time 00:13:25 Cumulative 8.5 hours Start 2022.03.19 @ 20:49:08 End 2022.03.19 @ 22:15:46 Sessions 2 Manual Loads 0 Difficulty Rogue Special Mode None Game No. 6 Rogue 6 Adventurer 0 Explorer 0 Win Type - Total 0 Types 0/0/0/0/0/0/0/0/0 Lore% 4 Gallery% 14 Achievement% 16 Wizard Run 0 Options --------- ASCII 0 Keyboard 0 Movement Mouse Keybinds 0 Fullscreen 2 Font 18/TerminusBold Map View 76x50 Tactical HUD 1 Map Filters NONE Filters NONE Steam 1 RUN: b449beb8-2edd-49f1-a18a-1e76d075d7c2